 Dungeon Crawl Stone Soup version 0.17-a0-1582-ge6b0260 (webtiles) character file.

20500 volk64 the Fighter (level 12, -19/113 HPs)
             Began as a Hill Orc Fighter on July 23, 2015.
             Was the Champion of Ru.
             Demolished by a white ugly thing (51 damage)
             ... on level 13 of the Dungeon on July 27, 2015.
             The game lasted 02:00:35 (13833 turns).

volk64 the Fighter (Hill Orc Fighter)              Turns: 13833, Time: 02:00:35

Health: -19/113    AC: 15    Str: 22    XL:     12   Next: 80%
Magic:  13/13      EV:  7    Int: 16    God:    Ru [******]
Gold:   894        SH:  0    Dex: 11    Spells: 1 memorised, 8 levels left

rFire  . . .     SeeInvis .     J - +5 trident of Fiedwask {speed, rPois Int+7}
rCold  x . .     Clarity  .     r - +1 plate armour
rNeg   . . .     SustAt   .     (shield unavailable)
rPois  +         Gourm    .     M - +0 helmet
rElec  .         Spirit   .     h - +0 cloak {MR+}
rCorr  .         Warding  .     g - +0 pair of gloves
rMut   .         Stasis   .     (no boots)
MR     +....                    (no amulet)
Stlth  ..........               q - ring of protection from fire
                                (ring unavailable)

@: heavily drained, somewhat resistant to hostile enchantments, extremely
unstealthy
A: deformed body, high mp 1, missing a hand, hated by all, temperature sensitive
a: Draw Out Power, Power Leap, Apocalypse, Renounce Religion


You were on level 13 of the Dungeon.
You worshipped Ru.
Ru was exalted by your worship.
You were not hungry.

You visited 3 branches of the dungeon, and saw 15 of its levels.
You also visited: Ice Cave.

You collected 954 gold pieces.
You spent 60 gold pieces at shops.

Inventory:

Hand weapons
 a - a +2 scimitar of flaming
 J - the +5 trident of Fiedwask (weapon) {speed, rPois Int+7}
   (You found it on level 6 of the Dungeon)

   Attacks with this weapon are significantly faster.
   It affects your intelligence (+7).
   It protects you from poison.
 U - a +4 dagger of chaos
 W - a +1 short sword of flaming
 Y - a +0 short sword of holy wrath
Armour
 g - a +0 pair of gloves (worn)
 h - a +0 cloak of magic resistance (worn)
 r - a +1 plate armour (worn)
 M - a +0 helmet (worn)
Jewellery
 j - an uncursed amulet of warding {unknown}
 q - a ring of protection from fire (right hand)
 H - an uncursed ring of poison resistance
 R - a +3 ring of protection
 S - an uncursed ring of positive energy
 T - an uncursed ring of protection from magic
Magical devices
 i - a wand of cold (4)
 K - a wand of digging (8)
 X - a wand of fireball (12)
Scrolls
 f - a scroll of recharging
 p - a scroll of blinking {unknown}
 s - a scroll of amnesia
 t - 9 scrolls of remove curse
 u - a scroll of fear
 A - 8 scrolls of identify
 N - 2 scrolls of magic mapping
 O - 2 scrolls of enchant weapon
 P - 3 scrolls of teleportation
 Q - 3 scrolls of enchant armour
Potions
 d - 3 potions of might
 w - a potion of heal wounds
 z - a potion of brilliance
 B - a potion of resistance
 C - 6 potions of curing
 E - a potion of berserk rage
 F - a potion of cure mutation
 G - 2 potions of agility
 I - 2 potions of haste
 V - a potion of flight
 Z - a potion of invisibility {unknown}
Comestibles
 e - 10 bread rations
 k - 2 slices of pizza
 m - 7 meat rations
 x - a royal jelly
 D - 5 beef jerkies


   Skills:
 + Level 12.6(10.9) Fighting
 + Level 0.6(0.0) Short Blades
   Level 5.5(9.5) Axes
   Level 6.2(5.6) Maces & Flails
 + Level 11.0(9.8) Polearms
 + Level 11.8(10.2) Armour
 + Level 2.3(1.1) Dodging
 + Level 6.4(5.0) Stealth


You had 8 spell levels left.
You knew the following spells:

 Your Spells              Type           Power        Failure   Level  Hunger
a - Spider Form           Trmt/Pois      #.........   100%        3    ####...


Dungeon Overview and Level Annotations

Branches:
Dungeon (13/15)            Temple (0/1) D:5            Lair (1/8) D:11
    Orc (1/4) D:12
 Vaults: D:13-14

Altars:
Ashenzari
Elyvilon
Fedhas
Gozag
Okawaru
Ru
Xom

Shops:
D:6 !

Annotations:
Lair:1 dorian's ghost, powerful DrFE


Innate Abilities, Weirdness & Mutations

You are missing a hand.
You are hated by all.
You are sensitive to extremes of temperature (rF-, rC-).
Armour fits poorly on your strangely shaped body.
You have an increased reservoir of magic (+10% MP).


Message History

You redirect the white ugly thing's attack!
The white ugly thing punches itself!
You closely miss the white ugly thing.
The white ugly thing is severely wounded.
You barely miss the white ugly thing.
The white ugly thing is severely wounded.
The white ugly thing barely misses you.
You closely miss the white ugly thing.
The white ugly thing is severely wounded.
The white ugly thing punches you! The white ugly thing freezes you!!
You feel a terrible chill!
You focus your will and illuminate the white ugly thing in retribution!
You hit the white ugly thing but do no damage.
The white ugly thing is severely wounded.
You hit the white ugly thing but do no damage.
The white ugly thing is severely wounded.
The white ugly thing punches you.
* * * LOW HITPOINT WARNING * * *
The white ugly thing freezes you!!!
You feel a terrible chill!
You die...

#......#....#
#......##(..#
#.......#...#####.
#.......#H........
##)##....#.........
#≈.†#....'(....####
#≈.##....#.....#
#≈..######.....#
#≈..#<.@uWH....#
################


You could see a white ugly thing, a manticore and a wraith.

Vanquished Creatures
  Kirke (D:12)
  Azrael (D:13)
  The ghost of herpmino the Cleaver, a powerful FoFi of Dithmenos (D:10)
  3 unseen horrors
  2 hill giants (D:12)
  Pikel (D:8)
  An ugly thing (D:11)
  2 manticores
  2 cyclopes
  Psyche (D:12)
  A spiny frog (Lair:1)
  A merfolk (D:13)
  6 slime creatures (D:12)
  A troll (D:10)
  A shadow (D:12)
  2 deep elf magi
  5 yaks
  A hippogriff (D:4)
  7 hogs (D:12)
  A deep elf fighter (D:11)
  2 fire elementals (D:13)
  3 wolves (IceCv)
  3 vampire mosquitoes (D:12)
  2 hungry ghosts
  A mottled dragon (D:12)
  2 hell hounds (D:13)
  5 phantoms
  4 ice beasts
  3 orc warriors
  4 slaves (D:8)
  A black bear (D:11)
  A necrophage (D:13)
  A wasp (D:13)
  An eye of draining (D:11)
  4 ogres
  2 sky beasts
  2 big kobolds
  7 centaurs
  10 giant frogs
  A gnoll sergeant (D:10)
  A water moccasin skeleton (D:11)
  2 scorpions
  5 wights (D:9)
  A giant frog zombie (D:8)
  A quasit (D:8)
  3 crimson imps
  6 hounds
  8 orc wizards
  Crazy Yiuf (D:5)
  Ijyb (D:3)
  2 centaur zombies
  2 jellies
  4 giant frog skeletons
  9 orc priests
  7 worker ants
  Jessica (D:3)
  6 centaur skeletons
  3 iguanas
  Terence (D:3)
  6 sheep (Lair:1)
  A worker ant zombie (D:8)
  12 gnolls
  8 river rats
  12 adders
  4 shadow imps
  12 white imps (D:11)
  An ooze (D:3)
  An adder skeleton (D:5)
  2 worms
  5 giant geckos
  47 orcs
  5 bat skeletons
  6 giant cockroaches
  11 hobgoblins
  12 jackals
  2 quokkas (D:5)
  A ball python (D:2)
  24 bats
  5 giant newts
  9 goblins
  29 kobolds
  25 rats
  8 fungi (D:11)
  8 plants (D:11)
420 creatures vanquished.

Vanquished Creatures (others)
  A deep elf mage (D:12)
  A steam dragon (D:8)
  A yak (IceCv)
  A wyvern (D:12)
  2 wolves (IceCv)
  A wasp (D:11)
  An orc (D:7)
  A rat (D:9)
9 creatures vanquished.

Grand Total: 429 creatures vanquished

Notes
Turn   | Place    | Note
--------------------------------------------------------------
     0 | D:1      | volk64 the Hill Orc Fighter began the quest for the Orb.
     0 | D:1      | Reached XP level 1. HP: 19/19 MP: 1/1
    83 | D:1      | Reached XP level 2. HP: 27/27 MP: 2/2
   620 | D:2      | Found a sacrificial altar of Ru.
   628 | D:2      | Became a worshipper of Ru the Awakened
   736 | D:2      | Reached XP level 3. HP: 33/33 MP: 3/3
   753 | D:2      | Reached skill level 4 in Shields
  1331 | D:2      | Reached XP level 4. HP: 35/40 MP: 4/4
  1654 | D:2      | Reached XP level 5. HP: 32/46 MP: 5/5
  1901 | D:3      | Noticed Ijyb
  1921 | D:3      | Killed Ijyb
  2057 | D:3      | Noticed Jessica
  2058 | D:3      | Noticed Terence
  2075 | D:3      | Killed Terence
  2083 | D:3      | Killed Jessica
  2190 | D:3      | Reached XP level 6. HP: 46/53 MP: 6/6
  2224 | D:3      | Gained mutation: You are missing a hand. [Ru sacrifice]
  2224 | D:3      | Acquired Ru's first power
  2224 | D:3      | Acquired Ru's second power
  2224 | D:3      | Acquired Ru's third power
  2881 | D:4      | Reached skill level 1 in Maces & Flails
  2932 | D:4      | Reached skill level 5 in Fighting
  2932 | D:4      | Reached skill level 5 in Axes
  2932 | D:4      | Reached skill level 5 in Armour
  2932 | D:4      | Reached XP level 7. HP: 54/61 MP: 7/7
  2975 | D:4      | Noticed a hippogriff
  3000 | D:4      | Killed a hippogriff
  3110 | D:4      | Found a white marble altar of Elyvilon.
  3161 | D:4      | Found a shattered altar of Ashenzari.
  3162 | D:4      | Gained mutation: You can translocate small distances at will. [potion of beneficial mutation]
  3164 | D:4      | Found an iron altar of Okawaru.
  3374 | D:4      | Reached skill level 6 in Armour
  3663 | D:4      | Reached skill level 1 in Stealth
  3663 | D:4      | Reached XP level 8. HP: 45/70 MP: 8/8
  3946 | D:5      | Entered Level 5 of the Dungeon
  3961 | D:5      | Reached skill level 1 in Dodging
  4113 | D:5      | Found a staircase to the Ecumenical Temple.
  4165 | D:5      | Lost mutation: You can translocate small distances at will. [potion of cure mutation]
  4230 | D:5      | Noticed Crazy Yiuf
  4236 | D:5      | Killed Crazy Yiuf
  4495 | D:5      | Reached skill level 7 in Armour
  4727 | D:5      | Reached skill level 5 in Maces & Flails
  5257 | D:6      | Gained mutation: You are hated by all. [Ru sacrifice]
  5257 | D:6      | Acquired Ru's fourth power
  5322 | D:6      | Reached XP level 9. HP: 64/79 MP: 4/9
  5539 | D:6      | Found Leid's Distillery.
  5574 | D:6      | Bought a potion of heal wounds for 60 gold pieces
  5619 | D:6      | Got a steaming trident
  5620 | D:6      | Identified the +5 trident of Fiedwask {speed, rPois Int+7} (You found it on level 6 of the Dungeon)
  5756 | D:6      | Reached skill level 8 in Armour
  6101 | D:7      | Reached skill level 1 in Polearms
  6300 | D:7      | Found a shimmering altar of Xom.
  6426 | D:7      | Found an opulent altar of Gozag.
  6650 | D:8      | Noticed Pikel
  6676 | D:8      | Killed Pikel
  6676 | D:8      | Reached skill level 9 in Armour
  7126 | D:8      | Reached XP level 10. HP: 68/90 MP: 10/10
  7331 | D:8      | Gained mutation: You are sensitive to extremes of temperature (rF-, rC-). [Ru sacrifice]
  7331 | D:8      | Acquired Ru's fifth power
  7483 | D:8      | Reached skill level 5 in Polearms
  7955 | D:9      | Found a blossoming altar of Fedhas.
  8522 | D:9      | Learned a level 3 spell: Spider Form
  9207 | D:10     | Entered Level 10 of the Dungeon
  9389 | D:10     | Noticed herpmino's ghost (powerful FoFi)
  9510 | D:10     | Killed herpmino's ghost
  9579 | D:10     | Killed an unseen horror
  9579 | D:10     | Reached skill level 10 in Fighting
  9579 | D:10     | Reached skill level 10 in Armour
  9579 | D:10     | Reached XP level 11. HP: 88/99 MP: 11/11
 10147 | D:11     | Noticed an unseen horror
 10155 | D:11     | Killed an unseen horror
 10613 | D:11     | Found a frozen archway.
 10620 | IceCv    | Entered an ice cave
 11147 | D:11     | Found a staircase to the Lair.
 11166 | Lair:1   | Entered Level 1 of the Lair of Beasts
 11376 | Lair:1   | Noticed dorian's ghost (powerful DrFE)
 11618 | D:12     | Noticed Kirke
 11618 | D:12     | Noticed a hill giant
 11619 | D:12     | Killed a hill giant
 11619 | D:12     | Reached skill level 11 in Fighting
 11627 | D:12     | Killed Kirke
 11627 | D:12     | Reached skill level 5 in Stealth
 11627 | D:12     | Reached XP level 12. HP: 108/110 MP: 3/12
 11717 | D:12     | Reached skill level 10 in Polearms
 11792 | D:12     | Noticed Psyche
 11800 | D:12     | Killed Psyche
 11890 | D:12     | Found a staircase to the Orcish Mines.
 11929 | Orc:1    | Entered Level 1 of the Orcish Mines
 12259 | D:12     | Reached skill level 12 in Fighting
 12432 | D:12     | Gained mutation: You are agile. (Dex +2) [mutagenic meat]
 12433 | D:12     | Gained mutation: Armour fits poorly on your strangely shaped body. [mutagenic meat]
 12434 | D:12     | Gained mutation: You have an increased reservoir of magic (+10% MP). [mutagenic meat]
 12435 | D:12     | Lost mutation: You are agile. (Dex +2) [mutagenic meat]
 12453 | D:12     | Noticed a hill giant
 12469 | D:12     | Killed a hill giant
 12878 | D:12     | Upgraded the game from 0.17-a0-1570-g74b7129 to 0.17-a0-1582-ge6b0260
 13200 | D:13     | Noticed Azrael
 13229 | D:13     | Killed Azrael
 13833 | D:13     | Demolished by a white ugly thing

Vault maps used:
D:1:      lightli_arrival_lavapool
D:2:      minmay_door_path, nicolae_ru_path_of_blood
D:3:      uniq_iyjb, uniq_jessica, uniq_terence
D:4:      kennysheep_mini_moat, grunt_temple_overflow_open, first_bread
D:5:      minmay_temple_entry_statues, uniq_crazy_yiuf_cottage
D:6:      serial_shops, shop
D:7:      lemuel_crystal_altar, kennysheep_little_box, st_stairs_13
D:8:      uniq_pikel
D:9:      corexii_shack_village, fedhas_bush_and_centaur_altar
D:11:     grunt_lair_entry_elf_guard_hut, portal_ice_cave_entry_imps,
          roderic_roman_lattice
D:12:     orc_0_dummy, uniq_kirke, uniq_psyche
D:13:     david_vaults_2, basic_altar, hangedman_fish_farm,
          hangedman_abyss_or_decor_passed, uniq_azrael, uniq_erolcha,
          uniq_frances
Orc:1:    library_closet
IceCv:    ice_cave_caverns_02

Action                   |  1- 3 |  4- 6 |  7- 9 | 10-12 || total
-------------------------+-------+-------+-------+-------++-------
Melee: War axe           |   150 |   112 |     9 |     8 ||   279
       Club              |       |    42 |       |       ||    42
       Whip              |       |    61 |   283 |       ||   344
       Flail             |       |       |    20 |       ||    20
       Trident           |       |       |   225 |   819 ||  1044
       Short sword       |       |       |       |    41 ||    41
Invok: Sacrifice a Hand  |       |     1 |       |       ||     1
       Power Leap        |       |       |     1 |     2 ||     3
       Sacrifice Love    |       |       |     1 |       ||     1
       Apocalypse        |       |       |       |     7 ||     7
       Sacrifice Resista |       |       |       |     1 ||     1
  Use: Potion            |     2 |       |     5 |     7 ||    14
       Scroll            |     6 |     2 |     5 |     9 ||    22
 Stab: Invisible         |       |       |     6 |     2 ||     8
       Paralysed         |       |       |       |    26 ||    26
       Distracted        |       |       |       |     2 ||     2
       Fleeing           |       |       |       |     1 ||     1
  Eat: Chunk             |     1 |     6 |    13 |    14 ||    34
       Meat ration       |       |       |     1 |     2 ||     3
       Bread ration      |       |       |       |     1 ||     1
